 Dungeon Crawl Stone Soup version 0.19.5 (webtiles) character file.

85 Gargoyl the Skirmisher (level 4, -12/40 HPs)
             Began as a Ghoul Abyssal Knight on May 7, 2017.
             Was a Believer of Lugonu.
             Killed from afar by an orc (18 damage)
             ... with a wand of acid
             ... on level 3 of the Dungeon.
             The game lasted 00:05:44 (2136 turns).

Gargoyl the Skirmisher (Ghoul Abyssal Knight)       Turns: 2136, Time: 00:05:45

Health: -12/40     AC:  4    Str: 15    XL:     4   Next: 48%
Magic:  4/4        EV:  4    Int:  7    God:    Lugonu [**....]
Gold:   204        SH:  0    Dex:  9    Spells: 0 memorised, 3 levels left

rFire  . . .     SeeInvis .     a - +2 hand axe
rCold  + . .     Gourm    .     m - +0 plate armour
rNeg   + + +     Faith    .     (no shield)
rPois  ∞         Spirit   .     (no helmet)
rElec  .         Reflect  .     (no cloak)
rCorr  .         Harm     .     (no gloves)
MR     .....                    k - +0 pair of boots (curse)
Stlth  ..........               (no amulet)
                                (no ring)
                                (no ring)

@: corroded, rotting
A: rotting body, claws 1, carnivore 3, cold resistance 1, negative energy
resistance 3, slow regeneration 1, torment resistance, unbreathing
a: Depart the Abyss, Bend Space, Renounce Religion


You were on level 3 of the Dungeon.
You worshipped Lugonu.
Lugonu was pleased with you.
You were not hungry.

You visited 1 branch of the dungeon, and saw 3 of its levels.
You visited the Abyss 1 time.

You collected 204 gold pieces.

Inventory:

Hand Weapons
 a - a +2 hand axe (weapon)
Armour
 k - a cursed +0 pair of boots (worn)
 m - a +0 plate armour (worn)
Scrolls
 b - 3 scrolls of identify
 d - a scroll of magic mapping
 i - a scroll of teleportation
 n - a scroll of amnesia {unknown}
Potions
 f - 2 potions of lignification {unknown}
 h - a potion of agility {unknown}
 l - a potion of heal wounds {unknown}
Books
 e - a book of Cantrips

   Spells                             Type                      Level
   a - Confusing Touch                Hexes                        1
   b - Animate Skeleton               Necromancy                   1
   c - Summon Small Mammal            Summoning                    1
   d - Apportation                    Translocation                1
Comestibles
 c - 3 meat rations
 j - a slice of pizza


   Skills:
 + Level 3.8 Fighting
 + Level 2.2 Axes
 * Level 3.1 Armour
 + Level 0.8 Dodging
 * Level 2.6 Invocations


You had 3 spell levels left.
You didn't know any spells.

Dungeon Overview and Level Annotations

Branches:
Dungeon (3/15)

Altars:
Dithmenos
Gozag
Ru
Uskayaw
Yredelemnul


Innate Abilities, Weirdness & Mutations

Your body is rotting away.
You thrive on raw meat.
You are immune to poison.
You have sharp fingernails.
You are carnivorous and can eat meat at any time.
Your flesh is cold resistant. (rC+)
You are immune to negative energy. (rN+++)
You regenerate slowly when monsters are visible.
You are immune to unholy pain and torment.
You can survive without breathing.


Message History

Unknown command.
You closely miss the orc. The orc barely misses you.
Unknown command.
You barely miss the orc. The orc hits you but does no damage.
You barely miss the orc. The orc hits you with a club.
The orc hits you but does no damage.
You hit the orc but do no damage. The orc hits you but does no damage.
You hit the orc but do no damage. The orc barely misses you.
You hit the orc.
The orc is lightly wounded.
The orc zaps a wand.
The bolt of acid hits you! The acid corrodes you!
You are splashed with acid!
The acid burns!
* * * LOW HITPOINT WARNING * * *
You hit the orc but do no damage.
The orc is lightly wounded.
The orc barely misses you.
You closely miss the orc.
The orc is lightly wounded.
The orc zaps a wand.
The bolt of acid hits you!
You die...

#...........#
#...........#....#
#...........#....#
#...........#....###### #
#...........#....'....#..
............#....#.......
............#....#.......
............#....#.......
................@........
............#.#.o########
............#.#.....
.)..........#.##.####
####.####.....##.# .....#
#.....##.#
.########.........
.....%......#.#...
.##########.#


You could see an orc.

Vanquished Creatures
  An adder (D:2)
  2 worms (D:3)
  4 dart slugs
  5 leopard geckos
  4 orcs (D:3)
  A ball python (D:3)
  A giant cockroach (D:3)
  8 goblins
  A hobgoblin (D:3)
  4 jackals (D:2)
  8 bats
  4 frilled lizards
  3 kobolds
  8 rats
54 creatures vanquished.

Notes
Turn   | Place    | Note
-------+----------+-------------------------------------------
     0 | Abyss:1  | Gargoyl the Ghoul Abyssal Knight began the quest for the Orb.
     0 | Abyss:1  | Reached XP level 1. HP: 19/19 MP: 1/1
   116 | Abyss:2  | Noticed a small abomination
   126 | Abyss:2  | Noticed a tentacled starspawn
   128 | D:1      | Escaped the Abyss
   300 | D:1      | Reached * piety under Lugonu
   311 | D:1      | Reached XP level 2. HP: 25/26 MP: 2/2
   757 | D:2      | Found a faded altar of an unknown god.
   862 | D:2      | Reached XP level 3. HP: 32/33 MP: 3/3
  1476 | D:3      | Found a basalt altar of Yredelemnul.
  1593 | D:3      | Reached XP level 4. HP: 39/40 MP: 4/4
  1624 | D:3      | Found a sacrificial altar of Ru.
  1625 | D:3      | Found a shadowy altar of Dithmenos.
  1625 | D:3      | Found a hide-covered altar of Uskayaw.
  1868 | D:3      | Reached ** piety under Lugonu
  2064 | D:3      | Found an opulent altar of Gozag.
  2136 | D:3      | Killed from afar by an orc

Skill      XL: |  1  2  3  4 |
---------------+-------------+-----
Armour         | 2 3 |  3.1
Axes           | 2 |  2.2
Fighting       | |  3.8
Dodging        | |  0.8
Invocations    | |  2.6

Action                   |  1- 3 |  4- 6 || total
-------------------------+-------+-------++-------
Melee: Hand axe          |   138 |    61 ||   199
Invok: Depart the Abyss  |     1 |       ||     1
  Use: Scroll            |     5 |     1 ||     6
  Eat: Chunk             |    16 |     8 ||    24
Armor: Chain mail        |   131 |       ||   131
       Plate armour      |       |    47 ||    47
Dodge: Dodged            |    56 |    13 ||    69
